cohdb
Replays
Latest Replays
All Replays
Popular Replays
Top Player Replays
Match Explorer
How It Works
Community
CoH3 Stats
Reddit
Sign in to upload your games and track your stats! →
Sign in with Steam
Match 45293407
Unlisted
Match 45293407
Overview
Messages
Build Orders
End
Panzergrenadier Squad
Panzergrenadier Squad
Selects Armored Support Battlegroup
Panzergrenadier Squad
Construct Light Support Kompanie
2.5-tonne Medical Truck
Fire Support Elements
Veteran Squad Leaders
2.5-tonne Medical Truck
Selects Salvage Kits
MG34 Team
Pak 38 Mechanized Group
Selects Veteran Gunners
Selects Flammpanzer III Medium Tank
Flammpanzer III Medium Tank
Flammpanzer III Medium Tank
Construct Panzerarmee Kommand
Crashing this Game
Luce
Grottenolm
ConcernedApe
0
0
Comments
sign in to comment!
No comments posted yet!